General information
- name: BNet
- type: Ladder team game (AT/RT)
- host: Battle.net
- saver: GoodLookingGuy
map: GolemsInTheMist
- players: 8
- length: 21:49
- speed: Fast
- version: 1.24 W3XP
- replay type: Public
» download(207 KB)
Players
team 1 (loser)

»
13iggy13ig (
blue | 74 APM | 1550 actions | 20:59)
2 Blademaster
1 Wind Walk
1 Critical Strike
2 Tauren Chieftain
1 Endurance Aura
1 War Stomp
» actions
| Assign group hotkey | 25 | |
| Basic commands | 190 | |
| Build / train | 50 | |
| Enter build submenu | 21 | |
| Enter hero's abilities submenu | 4 | |
| Remove unit from queue | 3 | |
| Right click | 668 | |
| Select / deselect | 305 | |
| Select group hotkey | 196 | |
| Use ability | 88 | |
1550 total
» units
| Peon | 8 | |
| Grunt | 7 | |
| Spirit Walker | 3 | |
| Troll Headhunter/Berserker | 2 | |
| Raider | 7 | |
27 total
» upgrades
| Armor | 3 | |
| Spirit Walker Training | 2 | |
| Ensnare | 1 | |
| Melee Weapons | 2 | |
| Pillage | 1 | |
9 total
» buildings
| Altar of Storms | 1 | |
| Orc Burrow | 5 | |
| Barracks | 1 | |
| Voodoo Lounge | 1 | |
| Stronghold | 1 | |
| War Mill | 2 | |
| Fortress | 1 | |
| Spirit Lodge | 1 | |
| Tauren Totem | 2 | |
| Beastiary | 2 | |
| Watch Tower | 1 | |
| Great Hall | 1 | |
19 total
» build order
00:08 Altar of Storms
00:12 Orc Burrow
00:31 Barracks
01:37 Orc Burrow
02:03 Voodoo Lounge
03:30 Stronghold
04:45 War Mill
05:09 Orc Burrow
07:16 Fortress
07:33 Spirit Lodge
08:37 Orc Burrow
09:46 Tauren Totem
09:55 Tauren Totem
11:11 Beastiary
11:23 Beastiary
12:03 Watch Tower
15:59 War Mill
16:20 Orc Burrow
18:18 Great Hall
» items
| Healing Salve | 1 | |
| Lesser Clarity Potion | 3 | |
| Scroll of Speed | 1 | |
5 total
DthPunch (
yellow | 45 APM | 954 actions | 21:06)
4 Blademaster
2 Wind Walk
2 Critical Strike
» actions
| Assign group hotkey | 11 | |
| Basic commands | 20 | |
| Build / train | 44 | |
| Enter build submenu | 20 | |
| Enter hero's abilities submenu | 4 | |
| Right click | 517 | |
| Select / deselect | 242 | |
| Select group hotkey | 26 | |
| Use ability | 70 | |
954 total
» units
| Peon | 8 | |
| Grunt | 9 | |
| Shaman | 4 | |
| Troll Witch Doctor | 5 | |
| Troll Headhunter/Berserker | 3 | |
29 total
» upgrades
| Melee Weapons | 1 | |
| Armor | 1 | |
| Shaman Training | 2 | |
| Witch Doctor Training | 2 | |
| Berserker Strength | 1 | |
7 total
» buildings
| Altar of Storms | 1 | |
| Orc Burrow | 8 | |
| Barracks | 1 | |
| War Mill | 1 | |
| Stronghold | 2 | |
| Spirit Lodge | 2 | |
| Fortress | 1 | |
| Watch Tower | 4 | |
| Great Hall | 1 | |
21 total
» build order
00:09 Altar of Storms
00:12 Orc Burrow
00:40 Barracks
01:39 War Mill
02:40 Orc Burrow
03:34 Stronghold
04:40 Orc Burrow
05:58 Spirit Lodge
06:55 Spirit Lodge
08:16 Fortress
08:37 Orc Burrow
11:01 Watch Tower
11:21 Watch Tower
11:44 Orc Burrow
13:29 Orc Burrow
13:48 Orc Burrow
14:54 Watch Tower
16:41 Great Hall
17:23 Watch Tower
18:21 Orc Burrow
19:50 Stronghold

»
IllIDan.SToRm (
pink | 50 APM | 1095 actions | 21:47)
2 Blademaster
1 Wind Walk
1 Critical Strike
2 Shadow Hunter
1 Hex
1 Healing Wave
1 Far Seer
1 Chain Lighting
» actions
| Assign group hotkey | 17 | |
| Basic commands | 6 | |
| Build / train | 41 | |
| Enter build submenu | 14 | |
| Enter hero's abilities submenu | 5 | |
| Remove unit from queue | 2 | |
| Right click | 546 | |
| Select / deselect | 213 | |
| Select group hotkey | 183 | |
| Use ability | 68 | |
1095 total
» units
| Peon | 8 | |
| Wind Rider | 3 | |
| Raider | 6 | |
| Kodo Beast | 1 | |
18 total
» upgrades
| Armor | 1 | |
| Envenomed Spears | 1 | |
| Ensnare | 1 | |
| Ranged Weapons | 1 | |
| Pillage | 1 | |
| Melee Weapons | 1 | |
6 total
» buildings
| Altar of Storms | 1 | |
| Orc Burrow | 7 | |
| Voodoo Lounge | 1 | |
| Stronghold | 1 | |
| War Mill | 1 | |
| Fortress | 1 | |
| Beastiary | 2 | |
| Barracks | 1 | |
| Great Hall | 2 | |
17 total
» build order
00:24 Altar of Storms
00:29 Orc Burrow
00:47 Voodoo Lounge
02:17 Orc Burrow
02:56 Stronghold
03:20 War Mill
05:20 Fortress
05:29 Beastiary
05:34 Beastiary
07:42 Orc Burrow
08:37 Orc Burrow
09:43 Orc Burrow
12:02 Orc Burrow
13:36 Orc Burrow
17:53 Barracks
21:34 Great Hall
21:38 Great Hall
» items
| Healing Salve | 2 | |
| Lesser Clarity Potion | 2 | |
| Scroll of Speed | 1 | |
5 total

»
JeFF. (
green | 77 APM | 1580 actions | 20:25)
2 Warden
1 Shadow Strike
1 Blink
2 Keeper of the Grove
1 Entangling Roots
1 Force of Nature
» actions
| Assign group hotkey | 16 | |
| Basic commands | 346 | |
| Build / train | 40 | |
| Enter build submenu | 10 | |
| Enter hero's abilities submenu | 4 | |
| Remove unit from queue | 1 | |
| Right click | 793 | |
| Select / deselect | 182 | |
| Select group hotkey | 134 | |
| Use ability | 54 | |
1580 total
» units
» buildings
| Altar of Elders | 1 | |
| Moon Well | 4 | |
| Ancient of War | 2 | |
| Hunter's Hall | 1 | |
| Tree of Ages | 1 | |
| Ancient of Lore | 1 | |
10 total
» build order
00:13 Altar of Elders
00:14 Moon Well
00:31 Ancient of War
01:51 Hunter's Hall
02:12 Ancient of War
02:33 Moon Well
04:18 Moon Well
05:49 Tree of Ages
07:21 Moon Well
09:43 Ancient of Lore
team 2 (winner)

»
BringBushBack (
teal | 127 APM | 2772 actions | 21:48)
5 Blademaster
3 Wind Walk
2 Critical Strike
» actions
| Assign group hotkey | 217 | |
| Basic commands | 6 | |
| Build / train | 58 | |
| ESC pressed | 4 | |
| Enter build submenu | 47 | |
| Enter hero's abilities submenu | 5 | |
| Remove unit from queue | 1 | |
| Right click | 1349 | |
| Select / deselect | 176 | |
| Select group hotkey | 820 | |
| Use ability | 89 | |
2772 total
» units
| Peon | 16 | |
| Troll Batrider | 9 | |
| Goblin Shredder | 2 | |
| Goblin Sapper | 3 | |
30 total
» upgrades
| Spiked Barricades | 3 | |
| Ranged Weapons | 3 | |
| Liquid Fire | 1 | |
| Reinforced Defenses | 1 | |
8 total
» buildings
| Altar of Storms | 1 | |
| Orc Burrow | 4 | |
| War Mill | 2 | |
| Stronghold | 1 | |
| Watch Tower | 27 | |
| Voodoo Lounge | 2 | |
| Beastiary | 4 | |
| Fortress | 2 | |
43 total
» build order
00:08 Altar of Storms
00:20 Orc Burrow
00:37 War Mill
02:04 Stronghold
02:15 Watch Tower
02:27 Voodoo Lounge
02:50 Watch Tower
03:11 Watch Tower
04:17 Orc Burrow
04:33 Beastiary
04:34 Beastiary
04:47 Orc Burrow
05:26 Fortress
05:41 Beastiary
06:02 Beastiary
08:04 Voodoo Lounge
09:56 Orc Burrow
10:02 Watch Tower
10:50 Watch Tower
11:51 Watch Tower
13:07 Watch Tower
13:08 Watch Tower
14:24 Watch Tower
15:56 Watch Tower
15:59 Watch Tower
16:00 Watch Tower
16:04 Watch Tower
16:05 Watch Tower
16:45 War Mill
17:08 Watch Tower
17:09 Watch Tower
17:11 Watch Tower
17:15 Watch Tower
17:56 Watch Tower
17:58 Watch Tower
18:14 Watch Tower
18:16 Watch Tower
18:32 Watch Tower
18:32 Watch Tower
18:33 Watch Tower
19:00 Watch Tower
19:23 Watch Tower
» items
| Healing Salve | 2 | |
| Lesser Clarity Potion | 3 | |
| Orb of Lightning | 1 | |
| Tiny Great Hall | 2 | |
8 total

»
GoodLookingGuy (
red | 134 APM | 2921 actions | 21:49)
6 Death Knight
3 Death Coil
3 Unholy Aura
5 Lich
2 Frost Nova
3 Frost Armor
3 Dreadlord
2 Sleep
1 Carrion Swarm
» actions
| Assign group hotkey | 18 | |
| Basic commands | 102 | |
| Build / train | 59 | |
| ESC pressed | 2 | |
| Enter build submenu | 20 | |
| Enter hero's abilities submenu | 14 | |
| Give item / drop item | 2 | |
| Right click | 1552 | |
| Select / deselect | 594 | |
| Select group hotkey | 449 | |
| Use ability | 108 | |
2921 total
» units
| Acolyte | 3 | |
| Ghoul | 4 | |
| Crypt Fiend | 5 | |
| Frost Wyrm | 3 | |
15 total
» upgrades
| Creature Attack | 3 | |
| Burrow | 1 | |
| Web | 1 | |
| Creature Carapace | 3 | |
8 total
» buildings
| Crypt | 1 | |
| Graveyard | 2 | |
| Altar of Darkness | 1 | |
| Ziggurat | 6 | |
| Tomb of Relics | 2 | |
| Nerubian Tower | 1 | |
| Halls of the Dead | 1 | |
| Spirit Tower | 3 | |
| Black Citadel | 1 | |
| Sacrificial Pit | 2 | |
| Boneyard | 2 | |
22 total
» build order
00:11 Crypt
00:25 Graveyard
00:49 Altar of Darkness
01:01 Ziggurat
01:35 Tomb of Relics
02:05 Ziggurat
03:18 Nerubian Tower
04:36 Halls of the Dead
04:51 Ziggurat
06:20 Ziggurat
06:27 Spirit Tower
07:31 Ziggurat
07:36 Black Citadel
08:30 Ziggurat
08:34 Graveyard
09:49 Sacrificial Pit
09:51 Sacrificial Pit
10:59 Boneyard
11:02 Boneyard
11:53 Spirit Tower
18:29 Spirit Tower
18:54 Tomb of Relics
» items
| Rod of Necromancy | 2 | |
| Dust of Appearance | 4 | |
| Orb of Corruption | 1 | |
| Scroll of Town Portal | 4 | |
| Potion of Mana | 1 | |
12 total

»
JustinBieberGOD (
purple | 54 APM | 1168 actions | 21:48)
3 Warden
2 Shadow Strike
1 Blink
» actions
| Assign group hotkey | 2 | |
| Basic commands | 11 | |
| Build / train | 27 | |
| ESC pressed | 1 | |
| Enter build submenu | 37 | |
| Enter hero's abilities submenu | 3 | |
| Right click | 752 | |
| Select / deselect | 232 | |
| Select group hotkey | 3 | |
| Use ability | 100 | |
1168 total
» units
» upgrades
» buildings
| Altar of Elders | 2 | |
| Moon Well | 33 | |
| Ancient of Wonders | 1 | |
| Tree of Ages | 3 | |
| Hunter's Hall | 1 | |
40 total
» build order
00:08 Altar of Elders
00:17 Moon Well
00:45 Moon Well
01:36 Moon Well
01:53 Ancient of Wonders
02:19 Moon Well
02:26 Moon Well
02:38 Moon Well
03:06 Tree of Ages
03:06 Tree of Ages
03:06 Tree of Ages
03:27 Moon Well
04:35 Moon Well
04:45 Moon Well
04:50 Moon Well
05:39 Hunter's Hall
06:28 Moon Well
06:30 Moon Well
07:23 Moon Well
07:24 Moon Well
08:18 Moon Well
09:02 Moon Well
09:03 Moon Well
09:04 Moon Well
09:05 Moon Well
09:06 Moon Well
09:07 Moon Well
10:53 Moon Well
10:54 Moon Well
10:55 Moon Well
11:49 Moon Well
11:51 Moon Well
11:52 Moon Well
13:18 Moon Well
13:19 Moon Well
13:20 Moon Well
16:00 Moon Well
16:02 Moon Well
16:03 Moon Well
16:56 Altar of Elders
» items
| Lesser Clarity Potion | 2 | |
| Dust of Appearance | 1 | |
| Scroll of Town Portal | 2 | |
| Potion of Healing | 2 | |
| Potion of Mana | 1 | |
8 total

»
SC2TopReplays (
orange | 89 APM | 1943 actions | 21:48)
3 Death Knight
2 Death Coil
1 Unholy Aura
3 Lich
2 Frost Nova
1 Frost Armor
2 Dreadlord
1 Sleep
1 Vampiric Aura
» actions
| Assign group hotkey | 121 | |
| Basic commands | 51 | |
| Build / train | 79 | |
| ESC pressed | 5 | |
| Enter build submenu | 59 | |
| Enter hero's abilities submenu | 10 | |
| Give item / drop item | 2 | |
| Right click | 896 | |
| Select / deselect | 319 | |
| Select group hotkey | 298 | |
| Use ability | 103 | |
1943 total
» units
» buildings
| Graveyard | 2 | |
| Crypt | 1 | |
| Altar of Darkness | 1 | |
| Ziggurat | 33 | |
| Tomb of Relics | 2 | |
| Necropolis | 9 | |
| Halls of the Dead | 1 | |
| Nerubian Tower | 5 | |
| Spirit Tower | 13 | |
| Slaughterhouse | 1 | |
| Black Citadel | 1 | |
69 total
» build order
00:11 Graveyard
00:16 Crypt
00:21 Altar of Darkness
00:44 Ziggurat
01:12 Tomb of Relics
01:44 Ziggurat
02:49 Necropolis
03:48 Halls of the Dead
05:02 Ziggurat
05:03 Ziggurat
05:54 Ziggurat
05:57 Nerubian Tower
05:59 Graveyard
06:01 Nerubian Tower
08:11 Tomb of Relics
09:01 Spirit Tower
09:13 Ziggurat
09:28 Ziggurat
09:33 Necropolis
09:43 Ziggurat
09:49 Ziggurat
09:51 Ziggurat
09:52 Slaughterhouse
10:07 Nerubian Tower
10:49 Spirit Tower
10:53 Ziggurat
11:14 Ziggurat
11:16 Ziggurat
11:27 Ziggurat
12:14 Ziggurat
12:15 Ziggurat
13:07 Ziggurat
13:14 Spirit Tower
13:15 Spirit Tower
13:20 Ziggurat
13:22 Spirit Tower
13:29 Necropolis
13:46 Spirit Tower
14:14 Spirit Tower
14:17 Ziggurat
14:18 Ziggurat
16:04 Spirit Tower
16:08 Black Citadel
16:37 Ziggurat
16:37 Ziggurat
17:04 Ziggurat
17:30 Ziggurat
17:40 Ziggurat
17:41 Ziggurat
17:47 Spirit Tower
17:50 Ziggurat
17:58 Ziggurat
17:59 Spirit Tower
18:17 Ziggurat
18:26 Nerubian Tower
18:28 Necropolis
18:39 Spirit Tower
18:40 Spirit Tower
18:42 Ziggurat
18:42 Ziggurat
19:13 Nerubian Tower
19:15 Spirit Tower
20:19 Ziggurat
20:20 Ziggurat
20:21 Necropolis
20:22 Necropolis
20:23 Necropolis
21:22 Necropolis
21:23 Necropolis
» items
| Orb of Lightning | 1 | |
| Sacrificial Skull | 4 | |
| Potion of Healing | 1 | |
| Rod of Necromancy | 1 | |
| Orb of Corruption | 1 | |
8 total
Chat log
(00:02 / Allies) GoodLookingGuy: lol
(00:09 / Allies) JustinBieberGOD: fuck hunts
(00:11 / Allies) JustinBieberGOD: mass moonwells
(00:13 / Allies) JustinBieberGOD: i made up that strat
(00:19 / Allies) GoodLookingGuy: he didnt
(00:31 / Allies) GoodLookingGuy: awkward graveyard
(00:48 / All) SC2TopReplays: u admirin my ceps?
(00:51 / All) JustinBieberGOD: do you guys go to 4chan?
(00:55 / All) SC2TopReplays: im 16 inches cold
(00:57 / All) SC2TopReplays: 19 flexed
(01:00 / All) JeFF.: 4chan is for nerds
(01:00 / All) SC2TopReplays: u 'mirin?
(01:04 / All) SC2TopReplays: u mirn?
(01:05 / All) JustinBieberGOD: you just dont understand
(01:07 / All) GoodLookingGuy: 4chan is not for nerds idiot
(01:11 / All) GoodLookingGuy: stfu idiot
(01:15 / All) GoodLookingGuy: U prolly ugly anyway
(01:18 / All) SC2TopReplays: its for azns
(01:21 / All) JeFF.: its the nerdiest thing i ever saw
(01:23 / All) JustinBieberGOD: you wouldnt dare say that to anonymous in his face
(01:26 / All) GoodLookingGuy: 15-8 rt yeah u pretty nerdy
(01:28 / All) GoodLookingGuy: 2-2 solo
(01:29 / All) GoodLookingGuy: Loser
(01:31 / All) SC2TopReplays: um
(01:35 / All) SC2TopReplays: ur friends name is biggy big
(01:37 / All) SC2TopReplays: and dan storm
(01:42 / All) JeFF.: ur name is topreplayts
(01:45 / All) JeFF.: that screams im a fucking nerd
(01:47 / All) SC2TopReplays: Im a CEO
(01:50 / All) SC2TopReplays: I own several websites
(01:53 / All) SC2TopReplays: I must advertise
(01:55 / All) SC2TopReplays: u have
(01:57 / All) SC2TopReplays: alternating caps
(02:03 / All) SC2TopReplays: that makes you an ugly geek virgin faggot
(02:08 / All) GoodLookingGuy: tru
(02:09 / All) DthPunch: i smell hacks...
(02:10 / All) JustinBieberGOD: i agree with the 3rd insult
(02:11 / All) SC2TopReplays: JeFfrEyL337
(02:18 / All) SC2TopReplays: do u h4x0r
(02:21 / All) SC2TopReplays: JeFr3y
(02:25 / All) GoodLookingGuy: do u reside in virgin town, virginia
(02:38 / Allies) GoodLookingGuy: uc ant
(02:41 / Allies) GoodLookingGuy: chop down that tree
(02:42 / Allies) GoodLookingGuy: its a map bug
(02:45 / Allies) GoodLookingGuy: wtf
(02:45 / Allies) SC2TopReplays: warden and bm
(02:55 / Allies) JustinBieberGOD: oh man
(02:56 / Allies) JustinBieberGOD: cloak of shadows
(02:58 / Allies) JustinBieberGOD: just what i needed
(03:19 / Allies) GoodLookingGuy: wtf
(03:23 / All) GoodLookingGuy: Useful
(03:25 / All) GoodLookingGuy: thanks
(03:33 / All) SC2TopReplays: hes going for the tree
(03:36 / All) SC2TopReplays: going to steal ur lumbewr
(03:54 / Allies) BringBushBack: ahhh
(04:11 / Allies) BringBushBack: lol
(04:21 / All) BringBushBack: nice wisps brah
(04:26 / All) JeFF.: nice harass brah
(04:30 / All) JeFF.: lose ur bm again
(04:38 / All) BringBushBack: k
(04:39 / All) GoodLookingGuy: U guys are mental
(04:40 / All) BringBushBack: one sec
(04:52 / All) SC2TopReplays: if u guys were in a museum of ancient history
(04:53 / All) GoodLookingGuy: real loopy
(04:58 / All) SC2TopReplays: u would be noobsauruses
(04:59 / Allies) BringBushBack: come i want shredder
(05:06 / All) JeFF.: wow did u think of that all by ur self
(05:07 / Allies) BringBushBack: let me use ghouls
(05:08 / Allies) SC2TopReplays: whats the nerdiest
(05:10 / Allies) SC2TopReplays: thing u can think of
(05:16 / Allies) BringBushBack: give me wood oj
(05:24 / Allies) JustinBieberGOD: owned
(05:29 / All) SC2TopReplays: hackers
(05:57 / Allies) BringBushBack: they going to you
(05:57 / Allies) BringBushBack: lol
(06:00 / All) JustinBieberGOD: NOW YOU WILL NEVER HAVE WOOD PEONS
(06:01 / Allies) GoodLookingGuy: wow sam
(06:02 / All) JustinBieberGOD: AHAHAHAHA
(06:03 / Allies) SC2TopReplays: help!
(06:13 / All) JustinBieberGOD: AHAHAHA
(06:17 / All) JustinBieberGOD: SAITHIS THE WOOD PEON HARASSER
(06:32 / Allies) SC2TopReplays: coil me!
(07:00 / All) BringBushBack: nice plan guys
(07:03 / All) JustinBieberGOD: rOFL U THINK THATS CLEVER
(07:12 / All) JustinBieberGOD: ill be back
(07:17 / All) GoodLookingGuy: wow u guys r dumb
(08:15 / All) JustinBieberGOD: why are you in my base
(08:16 / Allies) SC2TopReplays: if ur gonna mass wells
(08:18 / Allies) SC2TopReplays: do it in mid
(08:26 / Allies) JustinBieberGOD: sure man
(08:37 / Allies) GoodLookingGuy: gla ddans massing wells
(08:38 / All) SC2TopReplays: ur grunt = owned
(08:40 / Allies) GoodLookingGuy: and not feeding enemy team
(08:41 / Allies) GoodLookingGuy: with heroes
(12:01 / Allies) BringBushBack: no thanks
(12:05 / Allies) GoodLookingGuy: come idiot
(12:08 / Allies) JustinBieberGOD: here i come
(12:09 / Allies) SC2TopReplays: no thanks i already had pancakes
(12:20 / Allies) SC2TopReplays: repair
(12:22 / Allies) SC2TopReplays: hes ffing ur
(12:25 / Allies) SC2TopReplays: main for some reason
(13:22 / Allies) GoodLookingGuy: bring ur bats
(13:23 / Allies) GoodLookingGuy: fuck
(13:34 / Allies) BringBushBack: troll batriders?
(13:50 / Allies) JustinBieberGOD: shoulda denied that unit
(15:40 / Allies) GoodLookingGuy: rofl
(16:09 / Allies) JustinBieberGOD: wat is dis
(16:12 / Allies) JustinBieberGOD: mass raidersÉ
(16:13 / Allies) SC2TopReplays: rofl
(17:33 / Allies) GoodLookingGuy: why didnt i lose a unit
(19:00 / Allies) SC2TopReplays: u got 2 mians
(19:01 / Allies) SC2TopReplays: lol
(20:28 / Allies) SC2TopReplays: are we winning
(20:53 / All) SC2TopReplays: dont mess with
(20:55 / All) SC2TopReplays: clan koao
(20:57 / All) SC2TopReplays: #1 clan east
(21:02 / Allies) SC2TopReplays: u know
(21:04 / Allies) SC2TopReplays: whats funny
(21:07 / Allies) SC2TopReplays: i bet that jeff kid
(21:08 / Allies) SC2TopReplays: is raging
(21:09 / Allies) SC2TopReplays: lol
(21:14 / Allies) SC2TopReplays: he has like 40 apm
(21:16 / Allies) SC2TopReplays: and hes probably furious
(21:22 / Allies) GoodLookingGuy: well that was
(21:23 / Allies) GoodLookingGuy: a dumb game
(21:24 / Allies) GoodLookingGuy: lol
(21:26 / Allies) BringBushBack: i bet he says
(21:28 / Allies) SC2TopReplays: yea
(21:29 / Allies) GoodLookingGuy: kids are mentally ill
(21:29 / Allies) BringBushBack: "we had it"
(21:32 / Allies) SC2TopReplays: haha